 Dungeon Crawl Stone Soup version 0.18-a0-1060-g4fac74f (webtiles) character file.

104 gorblad the Scratcher (level 4, -6/22 HPs)
             Began as a Felid Monk on Jan 12, 2016.
             Was a Believer of Dithmenos.
             Mangled by an orc
             ... wielding a +0 falchion
              (9 damage)
             ... on level 3 of the Dungeon.
             The game lasted 00:07:24 (3170 turns).

gorblad the Scratcher (Felid Monk)                  Turns: 3170, Time: 00:07:24

Health: -6/22      AC:  3    Str:  6 (7)  XL:     4   Next: 52%
Magic:  5/5        EV: 21    Int: 10 (11) God:    Dithmenos [**....]
Gold:   121        SH:  0    Dex: 19      Spells: 0 memorised, 3 levels left
                                        Lives:  0   Deaths: 1

rFire  . . .     SeeInvis +       - Unarmed
rCold  . . .     Gourm    +     (armour unavailable)
rNeg   . . .     Faith    .     (shield unavailable)
rPois  .         Spirit   .     (helmet unavailable)
rElec  .         Dismiss  .     (cloak unavailable)
rCorr  .         Reflect  .     (gloves unavailable)
SustAt .         Harm     .     (boots unavailable)
MR     .....                    e - amulet of the gourmand
Stlth  +++++.....               (no ring)
                                m - ring of wizardry

@: wreathed by umbra, quick, not resistant to hostile enchantments, quite
stealthy
A: no armour, no weapons or thrown items, claws 1, fangs 3, slimy green scales
1, see invisible, carnivore 3, deterioration 1, speed 1, shaggy fur 1, slow
metabolism 1, subdued magic 1, sharp paws
a: Shadow Step, Renounce Religion


You were on level 3 of the Dungeon.
You worshipped Dithmenos.
Dithmenos was pleased with you.
You were completely stuffed.

You visited 1 branch of the dungeon, and saw 3 of its levels.

You collected 121 gold pieces.

Inventory:

Jewellery
 e - an amulet of the gourmand (around neck)
 k - a cursed ring of loudness {unknown}
 m - a ring of wizardry (left paw)
Scrolls
 c - 3 scrolls of teleportation
 f - a scroll of magic mapping
 g - a scroll of fog {unknown}
 l - 3 scrolls of enchant weapon {unknown}
Potions
 b - a potion of curing {unknown}
 d - 2 potions of brilliance
 i - a potion of agility {unknown}
 j - a potion of mutation
 o - 2 potions of degeneration {unknown}
Comestibles
 a - 2 meat rations
 h - a beef jerky
 n - 7 chunks of flesh


   Skills:
 + Level 3.8 Fighting
 + Level 4.9 Dodging
 + Level 4.2 Stealth
 + Level 5.1 Unarmed Combat


You had 3 spell levels left.
You didn't know any spells.

Dungeon Overview and Level Annotations

Branches:
Dungeon (3/15)

Altars:
Dithmenos
Okawaru


Innate Abilities, Weirdness & Mutations

You cannot wear armour.
You are incapable of wielding weapons or throwing items.
You have sharp claws.
You have razor-sharp teeth.
You have supernaturally acute eyesight.
You are carnivorous and can eat meat at any time.
You cover ground quickly.
You are covered in fur (AC +1).
You have a slow metabolism.
Your sharp claws are effective at attacking unaware monsters.
You are partially covered in slimy green scales (AC +2).
Your body sometimes deteriorates upon taking damage.
Your spells are a little easier to cast, but a little less powerful.


Message History

You are too injured to fight recklessly!
You are too injured to fight recklessly!
The orc misses you.
You are too injured to fight recklessly!
You are too injured to fight recklessly!
You are too injured to fight recklessly!
You are too injured to fight recklessly!
You are too injured to fight recklessly!
You are too injured to fight recklessly!
You barely miss the giant cockroach. The giant cockroach misses you.
You scratch the giant cockroach.
You kill the giant cockroach!
Dithmenos accepts your kill.
You scratch the orc.
The orc is almost dead.
The orc barely misses you.
You closely miss the orc.
The orc is almost dead.
The orc hits you with a falchion!
You die...

####################
........)...>.......
.................#
..............###
#####.........#
########oo@.........#
#.......g#####..##.##
#........#......##..#######
#....)...#.##...#.........#
#.....†.#########.........#
#......## ##.........
#<.....# ##.......#
#...>... #.####### #......#
#.# ###.


You could see 2 orcs and a goblin.

Vanquished Creatures
  An orc wizard (D:3)
  6 adders
  An ooze (D:2)
  4 worms
  2 giant geckos
  8 orcs (D:3)
  6 giant cockroaches
  3 goblins
  5 hobgoblins
  4 jackals
  2 quokkas
  A ball python (D:3)
  4 bats
  3 giant newts (D:2)
  5 kobolds
  4 rats
59 creatures vanquished.

Vanquished Creatures (others)
  A hobgoblin (D:1)
1 creature vanquished.

Grand Total: 60 creatures vanquished

Notes
Turn   | Place    | Note
--------------------------------------------------------------
     0 | D:1      | gorblad the Felid Monk began the quest for the Orb.
     0 | D:1      | Reached XP level 1. HP: 10/10 MP: 2/2
   686 | D:1      | Reached XP level 2. HP: 14/14 MP: 3/3
  1331 | D:2      | Reached XP level 3. HP: 7/17 MP: 4/4
  1917 | D:2      | Found an iron altar of Okawaru.
  2120 | D:2      | Reached XP level 4. HP: 21/21 MP: 5/5
  2528 | D:3      | Reached skill level 5 in Unarmed Combat
  2794 | D:3      | Found a shadowy altar of Dithmenos.
  2804 | D:3      | Became a worshipper of Dithmenos the Shadowed
  2804 | D:3      | Reached * piety under Dithmenos
  2804 | D:3      | Reached ** piety under Dithmenos
  2894 | D:3      | Gained mutation: Your body sometimes deteriorates upon taking damage. [potion of mutation]
  2894 | D:3      | Gained mutation: Your spells are a little easier to cast, but a little less powerful. [potion of mutation]
  2894 | D:3      | Gained mutation: You are partially covered in slimy green scales (AC +2). [potion of mutation]
  2897 | D:3      | Killed from afar by an orc wizard
  2898 | D:3      | Reached XP level 3. HP: -1/17 MP: 4/4
  2934 | D:3      | Reached XP level 4. HP: 21/21 MP: 5/5
  3170 | D:3      | Mangled by an orc

Vault maps used:
D:1:      shiori_arrival_oz, minivault_24, kennysheep_nondescript,
          minmay_misc_feat_pillars
D:2:      kennysheep_big_flooded_room, first_bread, st_stairs_13,
          okawaru_metal_pillars_1_2
D:3:      marbit_many_paths, lemuel_coloured_pillars_altar

Action                   |  1- 3 |  4- 6 || total
-------------------------+-------+-------++-------
Melee: Unarmed           |    84 |    73 ||   157
  Use: Potion            |     2 |     2 ||     4
       Scroll            |       |     8 ||     8
 Stab: Sleeping          |    12 |     4 ||    16
  Eat: Chunk             |    11 |     6 ||    17
